 Dungeon Crawl Stone Soup version 0.27-a0-1135-g81dfa19a63 (webtiles) character file.

Game seed: 4150741183873785166

35 LordDeathwing the Skirmisher (level 3, -1/33 HPs)
             Began as a Draconian Fighter on May 4, 2021.
             Was a Follower of Nemelex Xobeh.
             Slain by a gnoll
             ... wielding a +0 club
              (7 damage)
             ... on level 1 of the Dungeon.
             The game lasted 00:03:13 (1004 turns).

LordDeathwing the Skirmisher (Draconian Fighter)    Turns: 1004, Time: 00:03:16

Health: -1/33      AC:  5    Str: 18    XL:     3   Next: 16%
Magic:  3/3        EV: 10    Int:  9    God:    Nemelex Xobeh [*.....]
Gold:   46         SH:  9    Dex: 10    Spells: 2/2 levels left

rFire    . . .     SeeInvis .   a - +0 trident
rCold    . . .     Faith    .   b - +0 kite shield
rNeg     . . .     Spirit   .   (armour unavailable)
rPois    .         Reflect  .   (helmet restricted)
rElec    .         Harm     .   (no cloak)
rCorr    .         Rampage  .   (no gloves)
Will     .....                  (no boots)
Stlth    +.........             (no amulet)
HPRegen  0.11/turn              (no ring)
MPRegen  0.08/turn              (no ring)

@: no status effects
A: AC +5, unfitting armour, cold-blooded
a: Renounce Religion, Draw Escape, Draw Destruction, Draw Summoning


You were on level 1 of the Dungeon.
You worshipped Nemelex Xobeh.
Nemelex Xobeh was aware of your devotion.
You visited 1 branch of the dungeon, and saw 2 of its levels.

You collected 46 gold pieces.

Inventory:

Hand Weapons
 a - a +0 trident (weapon)
Armour
 b - a +0 kite shield (worn)
Jewellery
 h - a ring of magical power
Scrolls
 f - 2 scrolls of identify {unknown}
 g - a scroll of teleportation {unknown}
Potions
 c - a potion of might
 d - a potion of lignification {unknown}
 e - 2 potions of curing {unknown}


   Skills:
 + Level 3.7 Fighting
 * Level 2.5 Polearms
 - Level 2.8 Dodging
 + Level 0.6 Stealth
 + Level 3.3 Shields


You had 2 spell levels left.
You didn't know any spells.
Your spell library was empty.

Dungeon Overview and Level Annotations

Branches:
Dungeon (2/15)

Altars:
Nemelex Xobeh


Innate Abilities, Weirdness & Mutations

Your plain brown scales are hard. (AC +5)
You cannot fit into any form of body armour.
You are cold-blooded and may be slowed by cold attacks.


Message History

The gnoll shouts!
You reach to attack!
You closely miss the gnoll. The gnoll closely misses you.
You reach to attack!
You closely miss the gnoll. The gnoll closely misses you.
The gnoll hits you from afar with a +0 spear.
You reach to attack!
The gnoll shouts!
The ball python hisses angrily.
You hit the gnoll.
The gnoll is lightly wounded.
The gnoll barely misses you.
You reach to attack!
You hit the gnoll but do no damage.
The gnoll is lightly wounded.
The gnoll hits you from afar with a +0 spear!
You reach to attack!
You closely miss the gnoll.
A rat comes into view.
There is a stone staircase leading up here.
The gnoll hits you with a +0 club.
The gnoll hits you from afar with a +0 vorpal spear.
You climb upwards.
There is a stone staircase leading down here.
You are too injured to fight recklessly!
You are too injured to fight recklessly!
You are too injured to fight recklessly!
You hit the gnoll.
The gnoll is moderately wounded.
You block the gnoll's attack. x2
You hit the gnoll.
The gnoll is moderately wounded.
The gnoll closely misses you.
You hit the gnoll but do no damage.
You tail-slap the gnoll, but do no damage.
The gnoll is moderately wounded.
The gnoll hits you with a +0 club!
* * * LOW HITPOINT WARNING * * *
You hit the gnoll.
The gnoll is heavily wounded.
The gnoll hits you with a +0 club.
* * * LOW HITPOINT WARNING * * *
The gnoll hits you with a +0 club!
You die...
Your body glows slightly and disappears.

#.#.....#...#.....#...
#.#.....#...'..<..#...
#.#...(.##.##.....#...
#.###'####.###'#######
#......##...##........
##.....##...##.......#
#########.#########.#
#.....##.##.....##.#
#..@..'...'.....##.#
#.g...#...#.....##.#
#######...########..
#..## #.. #.## #..
####.#### #..
#......)# #..
#.#####.# #.. #.# #.#
#..


You could see a gnoll.

Vanquished Creatures
  4 ball pythons (D:1)
  2 endoplasms (D:1)
  3 goblins (D:1)
  4 hobgoblins
  9 jackals (D:1)
  A bat (D:2)
  2 frilled lizards (D:1)
  A kobold (D:1)
  4 rats (D:1)
30 creatures vanquished.

Notes
Turn   | Place    | Note
-------+----------+-------------------------------------------
     0 | D:1      | LordDeathwing the Draconian Fighter began the quest for the
                  | Orb.
     0 | D:1      | Reached XP level 1. HP: 19/19 MP: 1/1
    95 | D:1      | Reached XP level 2. HP: 26/26 MP: 2/2
   201 | D:1      | Found a faded altar of an unknown god.
   209 | D:1      | Became a worshipper of Nemelex Xobeh the Trickster
   209 | D:1      | Reached * piety under Nemelex Xobeh
   274 | D:1      | Received a gift from Nemelex Xobeh
   598 | D:1      | Reached XP level 3. HP: 31/33 MP: 3/3
  1004 | D:1      | Slain by a gnoll

Illustrated notes

Levels and vault maps discovered:
D:1:      dpeg_arrival_houses_and_road, layout_basic, basic_ecumenical_altar,
          serial_glass, glass_columns_b, glass_columns_b, glass_columns_c
D:2:      layout_loops_ring, mrwooster_statue_mirror, minmay_small_reverse_x

Action                   || total
-------------------------++-------
Melee: Trident           ||   100
       Tailslap          ||    10
 Stab: Sleeping          ||     1
Armor: Skin              ||    32
Dodge: Dodged            ||    37
Block: Kite shield       ||    43

Table legend: (Time is in decaauts)
 A = Elapsed time spent in this place.
 B = Non-inter-level travel time spent in this place.
 C = Inter-level travel time spent in this place.
 D = Time resting spent in this place.
 E = Time spent auto-exploring this place.
 F = Levels seen in this place.
 G = Mean time per level.
                   A        B        C        D        E       F      G
               +--------+--------+--------+--------+--------+-----+--------+
         Total |   1050 |   1020 |     30 |      0 |    771 |   2 |  525.0 |
       Dungeon |   1050 |   1020 |     30 |      0 |    771 |   2 |  525.0 |
               +--------+--------+--------+--------+--------+-----+--------+

Top non-repeatable levels by time:
     D:1: 985 daAuts
     D:2: 65 daAuts
